Map: 2000 Atmospheres LE

Players

A.I. 1 (Elite)

  • Race: Protoss Protoss

Massa

  • Race: Terran Terran
  • League: Platinum

VOD

Have the link to the VOD?

Description

Time

  • Played on: April 28, 2021, 12:49 p.m.
  • Length: 20:19
Show
View Real Time Build Order
Export as new Build Order

A.I. 1 (Elite) Protoss 

Build Orders: Zealot Archon 

Get SALT Encoding   

    0:23  Probe x12  
    0:35  Unknown  
  13  0:45  Probe  
  13  0:57  Probe  
  14  1:05  Pylon  
  14  1:09  Probe  
  15  1:19  Probe  
  16  1:28  Probe  
  17  1:48  Nexus  
  17  1:57  Gateway  
  17  2:00  Probe  
  17  2:01  Assimilator  
  18  2:09  Probe  
  18  2:13  Pylon  
  19  2:20  Probe  
  20  2:32  Probe  
  21  2:40  Zealot  
  23  2:45  Cybernetics Core  
  23  2:47  Probe  
  23  2:50  Gateway  
  24  2:57  Probe  
  24  3:01  Pylon  
  24  3:02  Zealot  
  27  3:15  Assimilator  
  27  3:20  Probe  
  27  3:22  Warp Gate  
  27  3:23  Probe  
  29  3:30  Adept  
  31  3:36  Adept  
  33  3:46  Robotics Facility  
  33  3:47  Probe  
  34  3:57  Adept  
  34  4:00  Adept  
  38  4:11  Pylon  
  38  4:12  Probe  
  39  4:27  Adept  
  39  4:30  Twilight Council  
  41  5:02  Probe  
  42  5:09  Templar Archives  
  42  5:19  Gateway  
  42  5:33  Zealot  
  44  5:38  Zealot  
  46  5:53  High Templar  
  48  5:58  High Templar  
  48  5:59  Forge  
  48  6:03  Pylon  
  50  6:04  Archon  
  50  6:06  Protoss Ground Armor Level 3, Protoss Shields Level 3, Protoss Ground Weapons Level 3  
  50  6:13  Stalker  
  52  6:23  Zealot  
  52  6:24  Probe, High Templar  
  52  6:25  Pylon  
  56  6:26  Probe  
  56  6:28  Terran Infantry Weapons Level 3, Zerg Flyer Armor Level 3, Zerg Flyer Weapons Level 3, Terran Infantry Armor Level 3, Zerg Ground Armor Level 3, Protoss Air Armor Level 3, Terran Vehicle Weapons Level 3, Protoss Air Weapons Level 3, Pylon, Zerg Melee Weapons Level 3, Zerg Missile Weapons Level 3, Terran Ship Armor Level 3, Terran Vehicle Armor Level 3, Terran Ship Weapons Level 3  
  56  6:31  Protoss Ground Weapons Level 2, Protoss Shields Level 2, Protoss Ground Armor Level 2  
  54  6:36  Probe  
  55  6:48  Zealot  
  55  6:49  Terran Infantry Weapons Level 2, Protoss Air Weapons Level 2, Terran Infantry Armor Level 2, Terran Ship Armor Level 2, Protoss Air Armor Level 2, Zerg Missile Weapons Level 2, Zerg Flyer Weapons Level 2, Zerg Flyer Armor Level 2, Terran Ship Weapons Level 2, Zerg Ground Armor Level 2, Zerg Melee Weapons Level 2, Terran Vehicle Weapons Level 2, Terran Vehicle Armor Level 2  
  55  6:51  High Templar  
  59  6:56  Protoss Ground Weapons Level 1, Protoss Ground Armor Level 1, Protoss Shields Level 1  
  59  7:00  Stalker  
  61  7:01  Forge  
  61  7:04  Blink  
  61  7:10  Archon, Stalker  
  61  7:11  Zerg Flyer Armor Level 1, Protoss Air Armor Level 1, Terran Infantry Armor Level 1, Zerg Ground Armor Level 1, Terran Vehicle Armor Level 1, Terran Vehicle Weapons Level 1, Zerg Missile Weapons Level 1, Terran Ship Weapons Level 1, Protoss Air Weapons Level 1, Terran Ship Armor Level 1, Zerg Melee Weapons Level 1, Zerg Flyer Weapons Level 1, Terran Infantry Weapons Level 1  
  63  7:25  Neosteel Armor, Resonating Glaives, Charge, Weapon Refit, Extended Thermal Lance, Warp Gate, Stimpack  
  63  7:32  Ventral Sacs, Adrenal Glands  
  63  7:37  High Templar  
  63  7:38  Enduring Locusts  
  63  7:39  Personal Cloaking  
  63  7:42  Pylon  
  63  7:44  Pylon  
  65  7:45  Pylon  
  65  7:46  Metabolic Boost, Psionic Storm, Infernal Pre-Igniter, Glial Reconstitution, Chitinous Plating, Tunneling Claws, Neosteel Frame, Durable Materials, Centrifical Hooks, Cloaking Field, Neural Parasite, Corvid Reactor, Combat Shield  
  65  7:47  Pylon  
  65  7:54  Muscular Augments x2, Burrow  
  65  8:06  High Templar  
  65  8:08  Pathogen Glands, Graviton Catapult, Caduceus Reactor, Behemoth Reactor, Moebius Reactor, Hi-Sec Auto Tracking, Gravitic Boosters, Gravitic Drive  
  67  8:15  Stalker  
  69  8:20  Archon  
  69  8:22  Pneumatized Carapace, Concussive Shells  
  69  8:26  Zealot  
  71  8:29  Zealot  
  71  8:31  Zealot  
  63  8:44  Probe  
  63  8:46  Probe, Zealot  
  58  8:49  High Templar, Zealot  
  58  9:05  Unknown x5  
Show
View Real Time Build Order
Export as new Build Order

Massa Terran 

Build Orders: Reaper Expand 

Get SALT Encoding   

    0:10  Orbital Command  
    0:23  SCV x12  
  12  0:48  SCV  
  13  1:00  SCV  
  13  1:04  Supply Depot  
  14  1:12  SCV  
  15  1:26  Barracks  
  15  1:28  SCV  
  15  1:30  Refinery  
  16  1:40  SCV  
  17  1:52  SCV  
  18  2:04  SCV  
  19  2:14  Reaper  
  20  2:16  Orbital Command  
  20  2:27  Command Center  
  20  2:37  Supply Depot  
  20  2:42  SCV  
  21  2:45  Marine  
  22  2:55  SCV  
  23  3:00  Factory  
  23  3:12  Barracks Reactor, Bunker  
  23  3:17  SCV  
  24  3:24  Refinery  
  24  3:39  Orbital Command  
  24  3:41  SCV  
  25  3:45  Hellion  
  27  3:50  Starport  
  27  3:52  Marine  
  27  3:53  SCV, Marine  
  30  4:05  SCV  
  30  4:06  Widow Mine, SCV  
  34  4:10  Marine x2  
  36  4:17  SCV  
  36  4:18  SCV, Supply Depot  
  38  4:28  Medivac  
  38  4:29  SCV  
  38  4:30  SCV  
  42  4:31  Factory Tech Lab  
  42  4:32  Marine x2  
  44  4:41  SCV  
  44  4:42  SCV  
  46  4:50  Marine  
  50  4:52  Siege Tank  
  50  5:08  Marine  
  50  5:10  Marine  
  50  5:13  Starport Tech Lab  
  52  5:27  Command Center  
  52  5:29  SCV x2  
  54  5:43  Supply Depot  
  54  5:45  Supply Depot  
  54  6:04  SCV, Raven, Marine x2, Siege Tank  
  54  6:06  Protoss Ground Armor Level 3, Protoss Shields Level 3, Protoss Ground Weapons Level 3  
  54  6:07  SCV  
  63  6:13  Barracks  
  63  6:14  Barracks  
  63  6:22  Marine x2  
  65  6:28  Terran Infantry Weapons Level 3, Zerg Flyer Armor Level 3, Zerg Flyer Weapons Level 3, Terran Infantry Armor Level 3, Zerg Ground Armor Level 3, Protoss Air Armor Level 3, Terran Vehicle Weapons Level 3, Protoss Air Weapons Level 3, Zerg Melee Weapons Level 3, Zerg Missile Weapons Level 3, Terran Ship Armor Level 3, Terran Vehicle Armor Level 3, Terran Ship Weapons Level 3  
  65  6:31  Protoss Ground Weapons Level 2, Protoss Shields Level 2, Protoss Ground Armor Level 2  
  61  6:36  Siege Tank  
  61  6:37  SCV  
  61  6:38  SCV  
  66  6:48  Engineering Bay  
  66  6:49  Terran Infantry Weapons Level 2, Protoss Air Weapons Level 2, Terran Infantry Armor Level 2, Terran Ship Armor Level 2, Protoss Air Armor Level 2, Zerg Missile Weapons Level 2, Zerg Flyer Weapons Level 2, Zerg Flyer Armor Level 2, Terran Ship Weapons Level 2, Zerg Ground Armor Level 2, Zerg Melee Weapons Level 2, Terran Vehicle Weapons Level 2, Terran Vehicle Armor Level 2  
  66  6:50  SCV x2  
  66  6:51  Refinery  
  66  6:52  Refinery  
  68  6:54  Marine x2  
  68  6:56  Protoss Ground Weapons Level 1, Protoss Ground Armor Level 1, Protoss Shields Level 1  
  70  7:02  SCV  
  70  7:04  Blink  
  70  7:05  Barracks Tech Lab  
  70  7:08  Barracks Reactor  
  71  7:11  Zerg Flyer Armor Level 1, Protoss Air Armor Level 1, Terran Infantry Armor Level 1, Zerg Ground Armor Level 1, Terran Vehicle Armor Level 1, Terran Vehicle Weapons Level 1, Zerg Missile Weapons Level 1, Terran Ship Weapons Level 1, Protoss Air Weapons Level 1, Terran Ship Armor Level 1, Zerg Melee Weapons Level 1, Zerg Flyer Weapons Level 1, Terran Infantry Weapons Level 1  
  71  7:12  Marine x2  
  73  7:16  SCV x2  
  73  7:19  Barracks  
  73  7:20  Barracks  
  75  7:25  Neosteel Armor, Resonating Glaives, Charge, Weapon Refit, Extended Thermal Lance, Warp Gate, Stimpack  
  75  7:28  SCV  
  75  7:29  SCV  
  77  7:30  Siege Tank  
  77  7:32  Ventral Sacs, Adrenal Glands  
  80  7:38  Orbital Command, Enduring Locusts  
  80  7:39  Personal Cloaking  
  80  7:40  SCV  
  80  7:41  SCV  
  82  7:45  Marine x2  
  82  7:46  Metabolic Boost, Psionic Storm, Infernal Pre-Igniter, Glial Reconstitution, Chitinous Plating, Tunneling Claws, Neosteel Frame, Durable Materials, Centrifical Hooks, Cloaking Field, Neural Parasite, Corvid Reactor, Combat Shield  
  84  7:52  SCV  
  84  7:54  Muscular Augments x2, Burrow  
  85  8:08  Pathogen Glands, Graviton Catapult, Caduceus Reactor, Behemoth Reactor, Moebius Reactor, Hi-Sec Auto Tracking, Gravitic Boosters, Gravitic Drive  
  85  8:09  Supply Depot  
  85  8:10  Supply Depot  
  85  8:11  Supply Depot  
  85  8:12  Supply Depot  
  85  8:14  Supply Depot  
  85  8:15  Supply Depot  
  85  8:16  Barracks Reactor, Barracks Tech Lab, Supply Depot  
  85  8:19  Supply Depot  
  85  8:20  Supply Depot  
  85  8:22  Pneumatized Carapace, Concussive Shells  
  85  8:30  SCV x2, Marine x2  
  89  8:41  Supply Depot  
  79  8:42  SCV x2, Supply Depot  
  79  8:45  Supply Depot  
  73  9:05  Unknown x5  
Tags
 
Add a new tag
Caveats
  • Supply blocks, unpowered buildings, or Contaminate may cause inaccurate times.
  • Supply counts are checked every 10 seconds.